AoeStats
← AxingQuestions

Lombardia

509220954Analyzed
4v4 RM · 5d ago on Sep 25, 2026· 53m 6s· 8 players
Game mode
Random Map
Map size
Large (8 player)
Population
200
Speed
Normal
Resources
Standard
Victory
Conquest
Starting age
Dark Age
Ending age
Imperial Age
RankedLock teamsTeams togetherTeam positionsShared explorationLock speedFull tech treeHidden civsTurbo modeCheats
Victory
Defeat
🇨🇱 Danes · Chile
1289
+12
🇲🇽 Lithuanians · Mexico
1198
+16
🇨🇱 Varangians · Chile
1134
+19
🇨🇴 Mongols · Colombia
1029
+23
🇺🇸 Saxons · United States
1224
-19
🇺🇸 Vikings · United States
1209
-18
🇵🇪 Poles · Peru
1172
-17
🇵🇪 Varangians · Peru
1163
-16
Maniac
7:00 Loom
9:35 Feudal Age
10:59 Wheelbarrow
10:14 Double-Bit Axe
14:03 Horse Collar
20:16 Castle Age
21:20 Bow Saw
22:16 Hand Cart
22:32 Bow Saw
22:25 Heavy Plow
22:53 Scale Barding Armor
24:59 Gold Mining
25:44 Bloodlines
27:31 Husbandry
30:26 Forging
32:05 Town Watch
32:12 Stone Mining
36:10 Imperial Age
35:12 Stone Shaft Mining
35:58 Chain Barding Armor
36:13 Iron Casting
36:19 Cavalier
37:42 Plate Barding Armor
36:33 Capped Ram
43:31 Conscription
42:34 Vendel Legacy
42:43 Siege Ram
46:50 Fletching
48:02 Chemistry
AxingQuestions
4:28 Loom
10:42 Feudal Age
15:03 Castle Age
13:20 Double-Bit Axe
13:17 Horse Collar
17:27 Bow Saw
17:36 Heavy Plow
24:08 Stone Mining
26:05 Town Watch
29:44 Imperial Age
28:26 Town Patrol
28:35 Gold Mining
28:56 Scale Mail Armor
29:07 Forging
30:38 Gold Shaft Mining
30:01 Murder Holes
29:49 Treadmill Crane
30:21 Masonry
30:17 Elite Berserk
31:18 Conscription
31:04 Chieftains
31:10 Squires
30:57 Arson
31:32 Chain Mail Armor
32:05 Iron Casting
33:29 Plate Mail Armor
32:24 Capped Ram
34:14 Two-Man Saw
33:49 Crop Rotation
35:03 Blast Furnace
33:44 Siege Ram
37:37 Elite Varangian Guard
44:21 Hoardings
46:54 Murder Holes
47:29 Architecture
Jc
10:12 Loom
12:25 Feudal Age
13:07 Double-Bit Axe
13:03 Horse Collar
17:20 Castle Age
17:00 Wheelbarrow
18:58 Heavy Plow
19:23 Bow Saw
21:08 Gold Mining
21:37 Stone Mining
24:37 Szlachta Privileges
25:15 Scale Barding Armor
25:23 Bloodlines
25:14 Husbandry
26:47 Chain Barding Armor
26:38 Forging
28:02 Hand Cart
27:33 Town Watch
29:36 Iron Casting
33:28 Imperial Age
31:16 Fletching
32:10 Bodkin Arrow
33:33 Light Cavalry
34:04 Cavalier
34:56 Winged Hussar
36:09 Lechitic Legacy
36:09 Conscription
37:08 Blast Furnace
41:03 Elite Obuch
BigPharmA
13:08 Feudal Age
14:40 Double-Bit Axe
18:01 Castle Age
16:48 Horse Collar
17:02 Gold Mining
17:04 Stone Mining
17:28 Forging
19:06 Bow Saw
19:49 Wheelbarrow
19:29 Heavy Plow
20:07 Loom
20:08 Town Watch
21:56 Hand Cart
26:12 Scale Mail Armor
26:12 Treadmill Crane
27:37 Squires
29:32 Fortified Wall
29:35 Masonry
31:34 Chain Mail Armor
31:30 Forging
30:49 Pikeman
31:15 Arson
31:16 Gambesons
36:42 Imperial Age
34:35 Town Patrol
35:29 Ballistics
35:07 Murder Holes
38:11 Iron Casting
37:58 Halberdier
37:59 Elite Varangian Guard
40:08 Plate Mail Armor
39:01 Shield Wall
40:02 Conscription
40:18 Hoardings
39:04 Elite Hearth Troop
52:49 Architecture
ELEG F3R
6:27 Loom
11:11 Feudal Age
20:29 Castle Age
18:31 Double-Bit Axe
19:00 Horse Collar
20:46 Wheelbarrow
20:51 Scale Barding Armor
22:08 Bow Saw
22:41 Heavy Plow
26:17 Hand Cart
30:03 Town Watch
34:01 Imperial Age
31:36 Town Patrol
32:41 Chain Barding Armor
32:32 Forging
32:37 Bloodlines
32:27 Husbandry
33:02 Gold Mining
34:48 Iron Casting
34:33 Cavalier
35:56 Plate Barding Armor
37:17 Blast Furnace
37:08 Caravan
43:32 Scale Mail Armor
43:24 Fletching
43:35 Padded Archer Armor
43:36 Murder Holes
44:42 Chemistry
48:48 Conscription
calmilo
4:34 Loom
8:40 Feudal Age
21:35 Castle Age
21:38 Double-Bit Axe
21:41 Horse Collar
22:19 Bloodlines
22:10 Fletching
22:20 Padded Archer Armor
23:49 Husbandry
26:57 Gold Mining
27:47 Heavy Plow
29:34 Bow Saw
30:14 Wheelbarrow
31:15 Thumb Ring
37:06 Imperial Age
35:23 Ballistics
36:22 Hand Cart
35:52 Town Watch
36:52 Caravan
38:47 Chemistry
38:26 Parthian Tactics
37:22 Heavy Cavalry Archer
38:13 Bodkin Arrow
38:33 Leather Archer Armor
41:51 Gold Shaft Mining
42:25 Stone Mining
44:42 Conscription
44:00 Elite Mangudai
44:08 Light Cavalry
51:24 Hussar
52:09 Bracer
52:20 Forging
52:16 Scale Barding Armor
El Chileno del Norte
7:14 Loom
11:09 Feudal Age
12:40 Town Watch
15:20 Castle Age
13:14 Double-Bit Axe
13:12 Horse Collar
17:19 Bow Saw
20:38 Wheelbarrow
21:10 Heavy Plow
23:09 Hand Cart
23:01 Stone Mining
24:25 Gold Mining
29:06 Imperial Age
26:52 Scale Mail Armor
27:45 Stone Shaft Mining
27:49 Forging
28:53 Gold Shaft Mining
28:38 Chain Mail Armor
28:26 Squires
29:46 Iron Casting
29:00 Hamask
30:42 Plate Mail Armor
31:34 Conscription
33:29 Blast Furnace
32:36 Elite Jomsviking
33:56 Arson
35:38 Chemistry
35:02 Ballistics
34:38 Murder Holes
34:34 Fletching
35:27 Hoardings
35:05 Capped Ram
36:02 Bodkin Arrow
35:59 Siege Ram
37:41 Masonry
40:11 Bracer
40:17 Northmen's Fury
46:40 Siege Engineers
47:02 Heavy Scorpion
ELEG VACASADA
2:44 Loom
11:23 Feudal Age
15:35 Castle Age
13:46 Double-Bit Axe
18:01 Bloodlines
18:48 Husbandry
22:16 Bow Saw
22:26 Horse Collar
28:20 Stone Mining
29:22 Wheelbarrow
28:37 Town Watch
33:41 Imperial Age
32:33 Scale Barding Armor
32:54 Forging
33:37 Chain Barding Armor
33:26 Heavy Plow
33:52 Cavalier
35:36 Stone Shaft Mining
36:56 Crop Rotation
38:25 Paladin
49:21 Plate Barding Armor
51:41 Hand Cart
Connection lost

Rejoining the realm…

Still unreachable

The connection could not be restored.

Session expired

The server has moved on; the page needs a fresh start.